 Dungeon Crawl Stone Soup version 0.13.0 (webtiles) character file.

313 Psiweapon the Shield-Bearer (level 5, 0/46 HPs)
             Began as a Minotaur Fighter on Oct 12, 2013.
             Killed from afar by Zurvan's ghost (10 damage)
             ... with a puff of flame
             ... on Level 4 of the Dungeon.
             The game lasted 00:09:28 (2828 turns).

Psiweapon the Shield-Bearer (Minotaur Fighter)      Turns: 2828, Time: 00:09:28

HP   0/46        AC  7     Str 21      XL: 5   Next:  9%
MP   1/1         EV  7     Int  5      God:
Gold 164         SH 19     Dex 10      Spells:  0 memorised,  4 levels left

Res.Fire  : . . .   See Invis. : .   y - +0,+1 dwarf hand axe
Res.Cold  : . . .   Warding    : .   b - +0 scale mail
Life Prot.: . . .   Conserve   : .   c - +0 shield
Res.Poison: .       Res.Corr.  : .   (helmet restricted)
Res.Elec. : .       Clarity    : .   (no cloak)
Sust.Abil.: . .     Spirit.Shd : .   (no gloves)
Res.Mut.  : .       Stasis     : .   (no boots)
Res.Rott. : .       Flight     : .   (no amulet)
Saprovore : . . .                    (no ring)
                                     m - ring of protection from magic {unknown}

@: somewhat resistant to hostile enchantments, extremely unstealthy
A: retaliatory headbutt, horns 2
a: no special abilities


You were on level 4 of the Dungeon.
You were not hungry.

You visited 1 branch of the dungeon, and saw 5 of its levels.

You collected 144 gold pieces.

Inventory:

Hand weapons
 a - a +0,+0 hand axe {=f}
 j - a +0,+0 sling
 l - a +0,+0 dagger (quivered)
 u - a +0,+0 elven dagger
 y - a +0,+1 dwarven hand axe (weapon)
Armour
 b - a +0 scale mail (worn)
 c - a +0 shield (worn)
Comestibles
 d - 2 bread rations
 f - a meat ration
 i - a choko
 n - a pear
 t - a beef jerky
 w - an apple
Scrolls
 e - 4 scrolls of identify {unknown}
 g - 2 scrolls of enchant weapon I {unknown}
 h - a scroll of curse armour {unknown}
 k - 2 scrolls of fear {unknown}
 o - 2 scrolls of remove curse {unknown}
 q - a scroll of magic mapping {unknown}
 x - a scroll of teleportation {unknown}
Jewellery
 m - a ring of protection from magic (left hand) {unknown}
Potions
 s - a potion of curing
 B - a potion of heal wounds {unknown}


   Skills:
 + Level 4.6 Fighting
 + Level 3.6 Axes
 + Level 4.7 Armour
 - Level 0.2 Dodging
 + Level 4.8 Shields


You had 4 spell levels left.
You didn't know any spells.

Dungeon Overview and Level Annotations

Branches:
Dungeon (5/27)
 Temple: D:4-7

Altars:

Annotations:
D:4 Zurvan's ghost, average DEFE


Innate Abilities, Weirdness & Mutations

You reflexively headbutt those who attack you in melee.
You have a pair of horns on your head.


Message History

* * * LOW HITPOINT WARNING * * *
You closely miss Zurvan's ghost.
Zurvan's ghost is lightly damaged.
Zurvan's ghost hits you but does no damage.
Drink which item? (? for menu, Esc to quit)
You feel better. Zurvan's ghost casts a spell at you.
The puff of flame hits you!
One of your 5 scrolls labeled SIDUFU RITUIRAEH catches fire!
* * * LOW HITPOINT WARNING * * *
You hit Zurvan's ghost but do no damage.
You headbutt Zurvan's ghost.
Zurvan's ghost is lightly damaged.
Zurvan's ghost hits you but does no damage.
You hit Zurvan's ghost.
Zurvan's ghost is moderately damaged.
Zurvan's ghost casts a spell at you. The puff of flame hits you!
Your scroll labeled PHOQAM OTUN catches fire!
You die...

### # ... ##
.....###### ##. ..
.........########.#..
.###
#.................#..
.#<#
#.#######.###########
.#.#
#....................
.#.#
##...###.############
'#.# #..@# #.# #.....
...# #......p.##.#
#.#.#. ...#
#........##.# #.#.#.
...# .........##.#
#.#.#. '#.#
......##.##+# #.#.##
.#.# ..... .. #.#...
.#.# #### .. #.####
.#.# ... #....# .#..
. ####.#


You could see Zurvan's ghost.

Vanquished Creatures
  A hound (D:4)
  4 adders
  A giant mite (D:1)
  2 worms
  An ooze (D:4)
  6 orcs (D:3)
  A ball python (D:3)
  3 giant cockroaches
  5 goblins
  9 hobgoblins
  8 kobolds
  2 quokkas
  5 bats
  A giant newt (D:1)
  A jackal (D:3)
  8 rats
58 creatures vanquished.

Notes
Turn   | Place    | Note
--------------------------------------------------------------
     0 | D:1      | Psiweapon, the Minotaur Fighter, began the quest for the Orb.
     0 | D:1      | Reached XP level 1. HP: 19/19 MP: 0/0
   119 | D:1      | Reached XP level 2. HP: 26/26 MP: 0/0
   197 | D:1      | Reached skill level 4 in Fighting
   617 | D:1      | Reached XP level 3. HP: 33/33 MP: 1/1
  1359 | D:3      | Reached XP level 4. HP: 26/40 MP: 1/1
  2637 | D:5      | Entered Level 5 of the Dungeon
  2733 | D:4      | Reached XP level 5. HP: 34/46 MP: 1/1
  2814 | D:4      | Noticed Zurvan's ghost (average DEFE)
  2828 | D:4      | Killed from afar by Zurvan's ghost

Action                   |  1- 3 |  4- 6 || total
-------------------------+-------+-------++-------
Melee: Hand axe          |    84 |    90 ||   174
Throw: Dagger            |       |     1 ||     1
  Use: Potion            |       |     2 ||     2
